 Dungeon Crawl Stone Soup version 0.30.1-3-gfc49f6343a (webtiles) character file.

Game seed: 8748671813616513674

1329 Descartes the Nimble (level 8, -2/37 HPs)
             Began as a Felid Transmuter on Aug 8, 2023.
             Slain by a killer bee (5 damage)
             ... on level 7 of the Dungeon.
             The game lasted 00:13:12 (8695 turns).

Descartes the Nimble (Felid Transmuter)             Turns: 8695, Time: 00:13:12

Health: -2/37      AC:  2    Str: 12    XL:     8   Next: 34%
Magic:  14/14      EV: 27    Int: 14    God:
Gold:   303        SH:  0    Dex: 15    Spells: 14/17 levels left
                                        Lives:  0   Deaths: 2

rFire   . .          .
                       - Unarmed
rCold   . . .        (shield unavailable)
rNeg    . . .        (body armour unavailable)
rPois   +            (helmet unavailable)
rElec   .            (cloak unavailable)
rCorr   .            (gloves unavailable)
SInv    +            (boots unavailable)
Will    +....        (no amulet)
Stlth   +            h - ring of poison resistance
HPRegen 0.26/turn    i - +5 ring of evasion
MPRegen 0.14/turn

%: no passive effects
@: appendages, quick
A: horns 2, very small, claws 1, fangs 3, see invisible, speed 1, shaggy fur 2,
stealthy paws, no weapons or thrown items, no armour, multi-lived, low MP 1,
strong 1
a: End Transformation


You were on level 7 of the Dungeon.
You had temporarily grown beastly horns.
You visited 1 branch of the dungeon, and saw 7 of its levels.

You collected 303 gold pieces.

Inventory:

Jewellery
 g - a ring of ice
 h - a ring of poison resistance (left paw)
 i - a +5 ring of evasion (right paw)
 j - a +6 ring of intelligence
Wands
 p - a wand of paralysis (19)
 q - a wand of roots (13)
Scrolls
 b - 8 scrolls of identify {unknown}
 c - 2 scrolls of magic mapping {unknown}
 f - a scroll of enchant armour {unknown}
 k - a scroll of blinking {unknown}
 o - 2 scrolls of fog {unknown}
 u - a scroll of vulnerability {unknown}
 y - a scroll of teleportation {unknown}
Potions
 a - a potion of lignification
 d - 2 potions of resistance
 e - 2 potions of heal wounds {unknown}
 l - a potion of flight {unknown}
 m - a potion of might {unknown}
 n - a potion of magic {unknown}
 r - 2 potions of cancellation {unknown}
 s - a potion of degeneration {unknown}
 t - 2 potions of mutation
 v - a potion of haste {unknown}
 w - a potion of brilliance {unknown}
 x - a potion of berserk rage {unknown}


   Skills:
 - Level 5.0 Fighting
 + Level 8.9 Dodging
 + Level 7.2 Unarmed Combat
 - Level 5.0 Spellcasting
 + Level 7.4 Transmutations


You had 14 spell levels left.
You knew the following spells:

 Your Spells              Type           Power      Damage    Failure   Level
a - Beastly Appendage     Tmut           48%        N/A       1%          1
b - Wereblood             Tmut           24%        N/A       1%          2

Your spell library contained the following spells:

 Spells                   Type           Power      Damage    Failure   Level
 Spider Form              Tmut/Pois      13%        N/A       12%         3
 Ice Form                 Ice/Tmut       13%        N/A       36%         4
 Ozocubu's Armour         Ice            3%         N/A       45%         3
 Vhi's Electric Charge    Tloc/Air       6%         N/A       45%         3
 Arcjolt                  Conj/Air       1%         1d11      99%         5
 Metabolic Englaciation   Hex/Ice        1%         N/A       99%         5
 Plasma Beam              Fire/Air       1%         2x1d12    100%        6
 Simulacrum               Ice/Necr       1%         N/A       100%        6


Dungeon Overview and Level Annotations

Branches:
Dungeon (7/15)
 Temple: D:4-7

Altars:
Fedhas
Hepliaklqana

Annotations:
D:3 exclusion: oklob plant


Innate Abilities, Weirdness & Mutations

You have temporarily grown beastly horns.
You have sharp claws.
You have razor-sharp teeth.
You have supernaturally acute eyesight. (SInv)
You cover ground quickly. (Speed+)
You are covered in thick fur. (AC +2)
Your paws help you pounce on unaware monsters.
You are incapable of wielding weapons or throwing items.
You cannot wear armour.
You gain extra lives every three experience levels.
Your magical capacity is low. (-10% MP)
Your muscles are strong. (Str +4, Int/Dex -1)


Message History

The killer bee is almost dead.
The killer bee barely misses you. The killer bee completely misses you.
You miss the killer bee. You headbutt the killer bee.
You kill the killer bee!
The killer bee closely misses you.
You scratch the killer bee.
The killer bee is moderately wounded.
The killer bee stings you! x2
You are too injured to fight recklessly!
You are too injured to fight recklessly!
You barely miss the killer bee.
The killer bee is moderately wounded.
The killer bee misses you. The killer bee closely misses you.
You scratch the killer bee. Your headbutt misses the killer bee.
The killer bee is moderately wounded.
The killer bee stings you.
You scratch the killer bee.
The killer bee is heavily wounded.
The killer bee stings you.
* * * LOW HITPOINT WARNING * * *
The killer bee completely misses you.
You barely miss the killer bee.
You headbutt the killer bee, but do no damage.
The killer bee is heavily wounded.
The killer bee misses you. The killer bee completely misses you.
You claw the killer bee!
You kill the killer bee!
The killer bee misses you.
You claw the killer bee!
The killer bee is heavily wounded.
The killer bee misses you.
You scratch the killer bee.
The killer bee is severely wounded.
The killer bee stings you!
* * * LOW HITPOINT WARNING * * *
The killer bee completely misses you.
You barely miss the killer bee.
The killer bee is severely wounded.
The killer bee completely misses you. The killer bee stings you.
You die...

### #.# # #.# ### ##
#.#####.#####>### #.
#..y@..........#####.
#..####...##.).).....
#..# #...#..)_).....
#..# #.............#
.... #.......[....##
.... #...........##
... #..........## ...
#..........#
#.........##


You could see a killer bee.

Vanquished Creatures
  Pikel (D:4)
  Eustachio (D:3)
  A steam dragon (D:6)
  Menkaure (D:4)
  Edmund (D:3)
  2 water moccasins
  A sky beast (D:6)
  3 black bears
  An ogre (D:3)
  An ice beast (D:4)
  3 lemures (D:6)
  2 phantoms (D:5)
  A kobold brigand (D:7)
  A gnoll sergeant (D:5)
  2 scorpions
  2 killer bees (D:7)
  A howler monkey (D:5)
  An orc priest (D:6)
  6 hounds
  4 jellies
  3 orc wizards (D:6)
  2 iguanas
  Robin (D:3)
  4 gnolls
  13 adders
  2 white imps
  4 ufetubi
  2 dart slugs
  2 worms
  11 orcs
  12 endoplasms
  A giant cockroach (D:3)
  9 hobgoblins
  2 jackals (D:1)
  13 kobolds
  6 quokkas
  10 ball pythons
  2 bats
  5 frilled lizards
  15 goblins
  2 rats (D:2)
157 creatures vanquished.

Notes
Turn   | Place    | Note
-------+----------+-------------------------------------------
     0 | D:1      | Descartes the Felid Transmuter began the quest for the Orb.
     0 | D:1      | Reached XP level 1. HP: 9/9 MP: 4/4
    99 | D:1      | Reached XP level 2. HP: 5/12 MP: 4/6
   140 | D:1      | Reached skill level 3 in Dodging
   321 | D:1      | Reached XP level 3. HP: 12/15 MP: 7/7
   430 | D:1      | Found a faded altar of an unknown god.
  1666 | D:2      | Reached XP level 4. HP: 16/19 MP: 6/8
  2238 | D:3      | Found a blossoming altar of Fedhas.
  2255 | D:3      | Noticed Robin
  2475 | D:3      | Killed Robin
  2626 | D:3      | Noticed an oklob plant
  2935 | D:4      | Noticed Edmund
  2991 | D:4      | Reached skill level 4 in Dodging
  2991 | D:4      | Reached XP level 5. HP: 9/22 MP: 10/10
  3117 | D:4      | Noticed Eustachio
  3127 | D:4      | Noticed an ogre
  3356 | D:3      | Killed an ogre
  3357 | D:3      | Gained mutation: You are covered in thick fur. (AC +2)
                  | [Felid growth]
  3357 | D:3      | Reached XP level 6. HP: 27/27 MP: 9/11
  3379 | D:4      | Noticed Menkaure
  3458 | D:3      | Killed Eustachio
  3536 | D:4      | Killed Menkaure
  3814 | D:4      | Reached skill level 5 in Dodging
  3842 | D:3      | Killed Edmund
  3843 | D:3      | Reached XP level 7. HP: 7/31 MP: 13/13
  4861 | D:5      | Entered Level 5 of the Dungeon
  5117 | D:5      | Reached skill level 5 in Unarmed Combat
  5350 | D:5      | Reached skill level 6 in Dodging
  5350 | D:5      | Reached XP level 8. HP: 34/36 MP: 15/15
  5353 | D:5      | Reached skill level 5 in Transmutations
  6601 | D:6      | Reached skill level 5 in Fighting
  6601 | D:6      | Reached skill level 7 in Dodging
  6671 | D:6      | Noticed Pikel
  6694 | D:6      | Reached skill level 5 in Spellcasting
  6725 | D:6      | Gained mutation: Your magical capacity is low. (-10% MP)
                  | [potion of mutation]
  6725 | D:6      | Gained mutation: You are dopey. (Int -2) [potion of
                  | mutation]
  6725 | D:6      | Lost mutation: You are dopey. (Int -2) [potion of mutation]
  6725 | D:6      | Gained mutation: Your muscles are strong. (Str +4, Int/Dex
                  | -1) [potion of mutation]
  6739 | D:6      | Slain by Pikel
  6740 | D:6      | Reached XP level 7. HP: -3/33 MP: 14/14
  6804 | D:6      | Reached XP level 8. HP: 37/37 MP: 14/14
  7208 | D:4      | Killed Pikel
  7209 | D:4      | Reached skill level 8 in Dodging
  7561 | D:6      | Engulfed by a steam dragon's steam
  7562 | D:6      | Reached XP level 7. HP: -1/33 MP: 14/14
  7795 | D:6      | Reached XP level 8. HP: 36/37 MP: 14/14
  8062 | D:6      | Learned a level 2 spell: Wereblood
  8623 | D:7      | Found a hazy altar of Hepliaklqana.
  8695 | D:7      | Slain by a killer bee

Illustrated notes

Levels and vault maps discovered:
D:1:      grunt_arrival_lava_bath, layout_basic, ebering_ecumenical_altar_box
D:2:      layout_loops_cross, chequers_serial_rivers_large_b
D:3:      layout_rooms, tgw_fedhas, uniq_robin
D:4:      layout_layer_cave, uniq_edmund, uniq_eustachio, uniq_menkaure
D:5:      layout_layer_cave, nicolae_half_adder
D:6:      layout_layer_cave, minivault_1, uniq_pikel
D:7:      layout_layer_cave, overflow_temple_1_default,
          minmay_temple_entry_purple_smoke

Skill      XL: |  1  2  3  4  5  6  7  8 |
---------------+-------------------------+-----
Dodging        | 3 4 5 6 8 |  8.9
Fighting       | 2 3 4 5 |  5.0
Transmutations | 3 4 7 5 |  7.4
Unarmed Combat | 4 6 7 |  7.2
Spellcasting   | 3 4 5 |  5.0

Action                     |  1- 3 |  4- 6 |  7- 9 || total
---------------------------+-------+-------+-------++-------
  Melee: Unarmed           |   104 |   166 |   392 ||   662
         Bite              |     7 |    13 |    39 ||    59
         Headbutt          |    10 |    34 |    74 ||   118
         Punch             |     4 |     5 |    20 ||    29
   Cast: Beastly Appendage |    23 |    31 |    50 ||   104
  Evoke: Wand              |       |     3 |       ||     3
    Use: Potion            |       |       |     7 ||     7
   Stab: Sleeping          |     4 |     1 |     1 ||     6
         Paralysed         |       |     9 |       ||     9
 Armour: Skin              |     4 |     4 |    21 ||    29
  Dodge: Dodged            |    87 |   110 |   400 ||   597
